 Dungeon Crawl Stone Soup version 0.30-a0-857-gcaf7073 (webtiles) character file.

Game seed: 15914805002554356454

9431 Dorkslayer the Fighter (level 11, -1/82 (97) HPs)
             Began as a Hill Orc Fighter on Mar 5, 2023.
             Was an Initiate of Gozag.
             Slain by a spectral orc knight
             ... wielding a +0 great sword
             ... summoned by Nergalle
              (2 damage)
             ... on level 11 of the Dungeon.
             The game lasted 00:33:55 (10652 turns).

Dorkslayer the Fighter (Hill Orc Fighter)          Turns: 10652, Time: 00:33:55

HP:   -1/82 (97)    AC: 19    Str: 22    XL:     11   Next: 46%
MP:   11/11         EV:  8    Int: 10    God:    Gozag
Gold: 1313          SH:  5    Dex: 13    Spells: 10/10 levels left

rFire   + . .      SeeInvis .    h - +3 morningstar
rCold   + . .      Faith    .    c - +0 buckler
rNeg    . . .      Spirit   .    G - +0 plate armour {rF+}
rPois   +          Reflect  .    (no helmet)
rElec   .          Rampage  .    B - +0 cloak
rCorr   .                        y - +0 pair of fencer's gloves {Riposte Dex+3}
Will    .....                    E - +1 pair of boots {Stlth+} Stlth
                                 (no amulet)
HPRegen 0.33/turn                q - ring of poison resistance
MPRegen 0.12/turn                m - ring of protection from cold

@: heavily drained
A: no striking features
a: Renounce Religion, Potion Petition, Call Merchant, Bribe Branch


You were on level 11 of the Dungeon.
You worshipped Gozag.
Gozag was most pleased with you.
You visited 2 branches of the dungeon, and saw 12 of its levels.

You collected 3057 gold pieces.
You spent 1689 gold pieces at shops.
You paid 55 gold pieces to Gozag.

Inventory:

Hand Weapons
 a - a +0 war axe
 h - a +3 morningstar (weapon)
Missiles
 n - 4 boomerangs (quivered)
Armour
 c - a +0 buckler (worn)
 y - the +0 pair of fencer's gloves (worn) {Riposte Dex+3}
   (You acquired it on level 7 of the Dungeon)

   Riposte:   It allows the wearer to riposte with melee weapons, swiftly
   retaliating against missed or blocked melee attacks.
   Dex:       It affects your dexterity (+3).
 B - a +0 cloak (worn)
 E - a +1 pair of boots of stealth (worn)
 G - a +0 plate armour of fire resistance (worn)
Jewellery
 m - a ring of protection from cold (right hand)
 q - a ring of poison resistance (left hand)
Wands
 d - a wand of iceblast (3)
 r - a wand of flame (10)
 t - a wand of mindburst (3)
 u - a wand of paralysis (7)
 C - a wand of digging (7)
Scrolls
 b - 6 scrolls of fear
 e - 3 scrolls of magic mapping
 g - 4 scrolls of poison
 k - 4 scrolls of blinking
 l - a scroll of fog
 o - 4 scrolls of enchant armour
 v - 3 scrolls of enchant weapon
 x - 2 scrolls of teleportation
 D - a scroll of summoning
 I - 2 scrolls of immolation
Potions
 f - 3 potions of flight
 j - 3 potions of magic
 p - a potion of berserk rage
 s - a potion of curing
 w - a potion of cancellation
 z - a potion of mutation {unknown}
 A - a potion of lignification
 F - a potion of ambrosia
 H - a potion of attraction {unknown}
 J - a potion of haste


   Skills:
 * Level 9.4 Fighting
 + Level 8.6(9.7) Axes
 * Level 5.6(7.3) Maces & Flails
 + Level 4.7 Throwing
 * Level 8.7 Armour
 * Level 5.8 Dodging
 + Level 6.5 Shields
 * Level 5.6 Evocations


You had 10 spell levels left.
You didn't know any spells.
Your spell library contained the following spells:

 Spells                   Type           Power      Damage    Failure   Level
 Beastly Appendage        Tmut           0%         N/A       100%        1
 Slow                     Hex            0%         N/A       100%        1
 Cigotuvi's Dreadful Rot  Necr/Pois/Air  0%         N/A       100%        2
 Poisonous Vapours        Pois/Air       0%         N/A       100%        2
 Wereblood                Tmut           0%         N/A       100%        2
 Confusing Touch          Hex            0%         N/A       100%        3
 Mephitic Cloud           Conj/Pois/Air  0%         N/A       100%        3
 Spider Form              Tmut/Pois      0%         N/A       100%        3
 Vampiric Draining        Necr           0%         2d6       100%        3


Dungeon Overview and Level Annotations

Branches:
Dungeon (11/15)            Temple (1/1) D:4            Lair (0/5) D:9
    Orc (0/2) D:9

Altars:
Ashenzari
Cheibriados
Dithmenos
Elyvilon
Fedhas
Gozag
Hepliaklqana
Kikubaaqudgha
Makhleb
Nemelex Xobeh
Okawaru
Qazlal
Ru
Sif Muna
Trog
Uskayaw
Vehumet
Wu Jian
Xom
Yredelemnul
Zin
The Shining One

Shops:
D:5 [

Annotations:
D:11 Nergalle


Message History

Nergalle gestures at you while chanting.
The bolt of negative energy misses you.
The spectral orc hits you but does no damage.
You hit Nergalle.
Nergalle is severely wounded.
The spectral orc warrior barely misses you.
The spectral orc knight barely misses you.
You riposte.
You impale the spectral orc knight!!
The spectral orc knight is heavily damaged.
Nergalle gestures at you while chanting.
Orcish apparitions take form around you.
You block the spectral orc's attack.
You riposte.
You puncture the spectral orc!
You destroy the spectral orc!
The spectral orc disappears in a puff of smoke!
The spectral orc warrior hits you but does no damage.
The spectral orc knight hits you with a +0 great sword!
* * * LOW HITPOINT WARNING * * *
You feel drained.
* * * LOW HITPOINT WARNING * * *
You barely miss Nergalle.
Nergalle is severely wounded.
Nergalle hits you but does no damage.
You are poisoned.
The spectral orc knight barely misses you.
The spectral orc warrior hits you with a +0 glaive.
* * * LOW HITPOINT WARNING * * *
The spectral orc hits you but does no damage.
Okay, then.
You feel better. Nergalle casts a spell at you.
The bolt of negative energy hits you!!
You feel drained.
* * * LOW HITPOINT WARNING * * *
The bolt of negative energy hits the spectral orc.
The spectral orc completely resists.
The spectral orc knight hits you with a +0 great sword!
* * * LOW HITPOINT WARNING * * *
You feel drained.
You die...
Your body crumbles into a pile of gold.

########################
......Z.................
......o@Z...............
.#####.§Z.......########
#.§........# #
#[.......^.# #
#..........# #
#..........# #
#..........########
#..................
....................


You could see Nergalle, a spectral orc (summoned), a spectral orc warrior
(summoned) and a spectral orc knight (summoned).

Vanquished Creatures
  2 two-headed ogres (D:10)
  Pikel (D:5)
  A rime drake (D:9)
  A hornet (D:10)
  2 shadows (D:10)
  A wyvern (D:8)
  10 yaks (D:10)
  4 fire bats (D:9)
  A steam dragon (D:9)
  An acid dragon (D:9)
  Duvessa (D:7)
  A hell hound (D:9)
  3 orc warriors
  A sky beast (D:6)
  4 ice beasts (D:9)
  3 black bears
  2 ogres
  4 wolves (D:9)
  A lemure (D:5)
  2 centaurs (D:11)
  A kobold brigand (D:7)
  4 phantoms
  A gnoll sergeant (D:7)
  3 scorpions
  8 wights
  Dowan (D:7)
  5 killer bees (D:9)
  4 howler monkeys
  An electric eel (D:8)
  2 lava snakes (D:9)
  4 hounds
  A jelly (D:5)
  11 orc priests
  Crazy Yiuf (D:7)
  Terence (D:3)
  5 iguanas
  18 orc wizards
  9 gnolls
  5 adders
  2 shadow imps
  A white imp (D:7)
  2 dart slugs
  28 orcs
  8 ball pythons
  8 endoplasms
  2 giant cockroaches
  5 goblins
  11 hobgoblins
  6 jackals
  3 quokkas
  9 bats
  4 frilled lizards
  9 kobolds
  4 rats
  2 fire vortices (D:9)
235 creatures vanquished.

Vanquished Creatures (others)
  An orc wizard (D:6)
  A fire vortex (D:9)
  43 plants (D:4)
45 creatures vanquished.

Grand Total: 280 creatures vanquished

Notes
Turn   | Place    | Note
-------+----------+-------------------------------------------
     0 | D:1      | Dorkslayer the Hill Orc Fighter began the quest for the
                  | Orb.
     0 | D:1      | Reached XP level 1. HP: 19/19 MP: 1/1
   123 | D:1      | Reached XP level 2. HP: 27/27 MP: 2/2
   378 | D:1      | Reached XP level 3. HP: 33/33 MP: 3/3
   411 | D:1      | Reached skill level 4 in Fighting
   461 | D:1      | You fall into a shaft and drop 1 floor!
   599 | D:2      | Found Nenura's Magic Scroll Emporium.
  1330 | D:3      | Found a glowing golden altar of the Shining One.
  1338 | D:3      | Noticed an angel
  1349 | D:3      | Found a basalt altar of Yredelemnul.
  1351 | D:3      | Noticed a profane servitor
  1464 | D:3      | Noticed Terence
  1473 | D:3      | Killed Terence
  1474 | D:3      | Reached skill level 1 in Dodging
  1474 | D:3      | Reached XP level 4. HP: 37/41 MP: 4/4
  1922 | D:4      | Reached XP level 5. HP: 46/47 MP: 5/5
  2102 | D:4      | Found a staircase to the Ecumenical Temple.
  2112 | Temple   | Entered the Ecumenical Temple
  2112 | Temple   | Found a transporter.
  2112 | Temple   | Found a transporter.
  2114 | Temple   | Found a transporter.
  2114 | Temple   | Found a transporter.
  2130 | Temple   | Became a worshipper of Gozag Ym Sagoz the Greedy
  2226 | D:4      | Noticed a phantom
  2245 | D:4      | Killed a phantom
  2246 | D:4      | Reached XP level 6. HP: 6/55 MP: 6/6
  2442 | D:4      | Noticed a black bear
  2451 | D:4      | Killed a black bear
  2452 | D:4      | Reached skill level 5 in Fighting
  2452 | D:4      | Reached skill level 1 in Throwing
  2788 | D:5      | Entered Level 5 of the Dungeon
  2904 | D:5      | Noticed Pikel
  2916 | D:5      | Killed Pikel
  2917 | D:5      | Reached skill level 5 in Axes
  2917 | D:5      | Reached skill level 5 in Armour
  2917 | D:5      | Reached XP level 7. HP: 56/62 MP: 7/7
  2917 | D:5      | Reached XP level 8. HP: 64/70 MP: 8/8
  3202 | D:5      | Reached skill level 6 in Fighting
  3202 | D:5      | Found Neqiulal's Armour Shop.
  3398 | D:5      | Paralysed by an orc for 2 turns
  3570 | D:2      | Bought a scroll of enchant weapon for 105 gold pieces
  3570 | D:2      | Bought a scroll of identify for 28 gold pieces
  3570 | D:2      | Bought a scroll of identify for 28 gold pieces
  3570 | D:2      | Bought a scroll of enchant armour for 105 gold pieces
  3570 | D:2      | Bought a scroll of teleportation for 42 gold pieces
  3570 | D:2      | Identified a scroll of acquirement
  3572 | D:2      | Acquired 613 gold pieces
  3982 | D:6      | Reached skill level 1 in Evocations
  4032 | D:6      | Reached skill level 5 in Shields
  4071 | D:6      | Reached XP level 9. HP: 57/78 MP: 9/9
  4294 | D:6      | Reached skill level 7 in Fighting
  4733 | D:6      | Reached skill level 1 in Maces & Flails
  5386 | D:7      | Acquired the +0 pair of fencer's gloves {Riposte Dex+3}
  5386 | D:7      | Found the +0 pair of fencer's gloves {Riposte Dex+3}
  5607 | D:7      | Found a runed translucent door.
  5608 | D:7      | Noticed Crazy Yiuf
  5613 | D:7      | Killed Crazy Yiuf
  5658 | D:7      | Noticed Duvessa
  5658 | D:7      | Noticed Dowan
  5663 | D:7      | Killed Duvessa
  5664 | D:7      | Killed Dowan
  6089 | D:2      | Bought a scroll of acquirement for 728 gold pieces
  6089 | D:2      | Bought a scroll of summoning for 133 gold pieces
  6089 | D:2      | Bought 2 scrolls of enchant weapon for 210 gold pieces
  6089 | D:2      | Bought a scroll of vulnerability for 56 gold pieces
  6154 | D:5      | Acquired 588 gold pieces
  6220 | D:2      | Bought a scroll of poison for 56 gold pieces
  6828 | D:8      | Reached XP level 10. HP: 88/88 MP: 10/10
  7389 | D:8      | Found a faded altar of an unknown god.
  7389 | D:8      | Found a shadowy altar of Dithmenos.
  7395 | D:8      | Found a blossoming altar of Fedhas.
  7397 | D:8      | Found a faded altar of an unknown god.
  7398 | D:8      | Found a white marble altar of Elyvilon.
  7665 | D:9      | Reached skill level 8 in Fighting
  7920 | D:5      | Bought a +1 pair of boots of stealth for 198 gold pieces
  8405 | D:9      | Reached skill level 5 in Dodging
  8895 | D:9      | Found a staircase to the Orcish Mines.
  9213 | D:9      | Found a staircase to the Lair.
  9321 | D:10     | Entered Level 10 of the Dungeon
  9323 | D:10     | Noticed a two-headed ogre
  9331 | D:10     | Killed a two-headed ogre
  9515 | D:10     | Reached XP level 11. HP: 73/95 MP: 11/11
  9625 | D:10     | Reached skill level 9 in Fighting
  9629 | D:10     | Reached skill level 5 in Evocations
  9898 | D:10     | Reached skill level 5 in Maces & Flails
 10173 | D:10     | Noticed a two-headed ogre
 10179 | D:10     | Killed a two-headed ogre
 10629 | D:11     | Noticed Nergalle
 10652 | D:11     | HP: 1/84 [spectral orc knight/+0 great sword[Nergalle]
                  | (11)]
 10652 | D:11     | Slain by a spectral orc knight

Illustrated notes

Levels and vault maps discovered:
D:1:      erik_arrival_blinker_ship, layout_basic, serial_shops, shop,
          chequers_serial_rivers_micro_a, minmay_lizard_king
D:2:      layout_loops_corners, serial_shops, shop, hangedman_decor_peaks_small
D:3:      layout_basic, grunt_temple_overflow_holy_war, uniq_terence
D:4:      layout_rooms, minmay_temple_entry_overgrown, serial_bayou,
          serial_bayou_shore_a, serial_bayou_pond_e, serial_bayou_lagoon_a,
          serial_bayou_ford_a, serial_bayou_crossing, serial_bayou_lake_a,
          kennysheep_small_circle
D:5:      layout_loops_ring, serial_shops, shop, uniq_pikel
D:6:      layout_gridville
D:7:      layout_loops_ring, uniq_crazy_yiuf_cottage, uniq_duvessa
D:8:      layout_basic, chequers_temple_overflow_minitemple
D:9:      layout_basic, hellmonk_lair_entry_icy, orc_0_dummy, minivault_22,
          hangedman_incinerator
D:10:     layout_rooms
D:11:     minmay_the_grid_octo_tiled_octocenter [minmay_the_grid_octo_focus,
          minmay_the_grid_octo_odd_swirl, minmay_the_grid_octo_77,
          minmay_the_grid_octo_empty, minmay_the_grid_octo_prize_big_c,
          minmay_the_grid_square_5x5_inverted_slash,
          minmay_the_grid_square_5x5_inner_v, minmay_the_grid_square_5x5_tie,
          minmay_the_grid_square_5x5_n_small], layout_small_grid, uniq_erolcha,
          uniq_nergalle
Temple:   hellmonk_temple_divided_pantheon

Skill      XL: |  1  2  3  4  5  6  7  8  9 10 11 |
---------------+----------------------------------+-----
Axes           | 3 4 5 6 7 8 |  8.6
Fighting       | 4 5 6 7 8 9 |  9.4
Dodging        | 1 2 3 4 5 |  5.8
Armour         | 4 5 6 7 8 |  8.7
Shields        | 4 5 6 |  6.5
Throwing       | 2 3 4 |  4.7
Evocations     | 1 3 4 5 |  5.6
Maces & Flails | 2 4 5 |  5.6

Action                     |  1- 3 |  4- 6 |  7- 9 | 10-12 || total
---------------------------+-------+-------+-------+-------++-------
  Melee: War axe           |   115 |   150 |   140 |       ||   405
         Morningstar       |       |       |   150 |   263 ||   413
  Throw: Boomerang         |       |     7 |    35 |    30 ||    72
  Evoke: Wand              |       |       |     1 |    11 ||    12
    Use: Scroll            |       |     7 |     8 |     3 ||    18
         Potion            |       |     3 |     2 |     5 ||    10
   Stab: Distracted        |       |       |     1 |     2 ||     3
 Armour: Scale mail        |    74 |     2 |       |       ||    76
         Chain mail        |       |    77 |   168 |     3 ||   248
         Plate armour      |       |       |       |   181 ||   181
  Dodge: Dodged            |    67 |    54 |   104 |   115 ||   340
  Block: Buckler           |    34 |    29 |    79 |    80 ||   222
Riposte: Morningstar       |       |       |    10 |    65 ||    75

Table legend: (Time is in decaauts)
 A = Elapsed time spent in this place.
 B = Non-inter-level travel time spent in this place.
 C = Inter-level travel time spent in this place.
 D = Time resting spent in this place.
 E = Time spent auto-exploring this place.
 F = Levels seen in this place.
 G = Mean time per level.
                   A        B        C        D        E       F      G
               +--------+--------+--------+--------+--------+-----+--------+
         Total |  10996 |  10357 |    639 |    558 |   4727 |  12 |  916.3 |
       Dungeon |  10953 |  10314 |    639 |    558 |   4727 |  11 |  995.7 |
        Temple |     42 |     42 |      0 |      0 |      0 |   1 |   42.0 |
               +--------+--------+--------+--------+--------+-----+--------+

Top non-repeatable levels by time:
     D:9: 1757 daAuts
     D:8: 1301 daAuts
     D:5: 1257 daAuts
     D:6: 1233 daAuts
     D:4: 1108 daAuts
    D:10: 1092 daAuts
     D:7: 1067 daAuts
     D:2: 849 daAuts
     D:3: 694 daAuts
     D:1: 482 daAuts
    D:11: 108 daAuts
  Temple: 42 daAuts
